 Dungeon Crawl Stone Soup version 0.26.1-11-gd32895ea62 (webtiles) character file.

Game seed: 18322932335226312927

2285 Almogavar the Cudgeller (level 9, -7/55 HPs)
             Began as a Gargoyle Fighter on Apr 13, 2021.
             Was a Priest of Okawaru.
             Collided with a rock wall (10 damage)
             ... caused by Erica
             ... on level 7 of the Dungeon.
             The game lasted 00:18:56 (7953 turns).

Almogavar the Cudgeller (Gargoyle Fighter)          Turns: 7953, Time: 00:18:58

Health: -7/55      AC: 20    Str: 23    XL:     9   Next: 39%
Magic:  0/9        EV:  7    Int:  9    God:    Okawaru [***...]
Gold:   619        SH: 11    Dex:  9    Spells: 8/8 levels left

rFire    x . .     SeeInvis .   b - +0 whip (elec)
rCold    + . .     Faith    .   c - +0 kite shield
rNeg     + . .     Spirit   +   y - +0 chain mail
rPois    ∞         Reflect  .   (no helmet)
rElec    +         Harm     .   L - +0 cloak
rCorr    .         Rampage  .   G - +0 pair of gloves
Will     .....                  g - +0 pair of boots
Stlth    ..........             D - amulet of guardian spirit
HPRegen  0.18/turn              p - ring of ice
MPRegen  0.11/turn              f - ring of wizardry

@: no status effects
A: negative energy resistance 1, electricity resistance, unbreathing,
petrification resistance, miasma immunity, AC +6
a: Renounce Religion, Heroism


You were on level 7 of the Dungeon.
You worshipped Okawaru.
Okawaru was most pleased with you.
You visited 1 branch of the dungeon, and saw 8 of its levels.

You collected 619 gold pieces.

Inventory:

Hand Weapons
 a - a +0 flail
 b - a +0 whip of electrocution (weapon)
Missiles
 j - 38 bolts
Armour
 c - a +0 kite shield (worn)
 g - a +0 pair of boots (worn)
 y - a +0 chain mail (worn)
 G - a +0 pair of gloves (worn)
 H - a +1 ring mail of fire resistance
 L - a +0 cloak (worn)
Jewellery
 f - a ring of wizardry (right hand)
 p - a ring of ice (left hand)
 x - an uncursed amulet of magic regeneration
 D - an amulet of guardian spirit (around neck)
Wands
 A - a wand of disintegration (10)
 B - a wand of iceblast (4)
Scrolls
 e - a scroll of fog {unknown}
 h - 2 scrolls of fear
 l - 2 scrolls of amnesia
 m - a scroll of enchant weapon {unknown}
 t - 3 scrolls of teleportation
 u - 3 scrolls of enchant armour
 v - a scroll of random uselessness {unknown}
 w - 4 scrolls of remove curse
 E - 2 scrolls of blinking {unknown}
 I - 2 scrolls of magic mapping {unknown}
 N - a scroll of acquirement {unknown}
Potions
 d - 3 potions of might
 i - 3 potions of flight
 k - a potion of magic
 n - 4 potions of brilliance {unknown}
 o - a potion of invisibility
 q - a potion of cancellation {unknown}
 r - 3 potions of berserk rage
 s - a potion of ambrosia {unknown}
 z - a potion of mutation {unknown}
 C - a potion of resistance {unknown}
 F - 2 potions of heal wounds {unknown}
 J - a potion of lignification {unknown}
 M - 2 potions of curing


   Skills:
 + Level 6.0 Fighting
 + Level 7.4 Maces & Flails
 + Level 6.6 Armour
 + Level 2.5 Dodging
 + Level 1.5 Stealth
 + Level 7.2 Shields


You had 8 spell levels left.
You didn't know any spells.
Your spell library contained the following spells:

 Spells                   Type           Power        Failure   Level
 Bolt of Magma            Conj/Fire/Erth 0%           100%        5
 Iskenderun's Battlesphe  Conj           0%           100%        5
 Iron Shot                Conj/Erth      0%           100%        6
 Orb of Destruction       Conj           0%           100%        7
 Spellforged Servitor     Conj/Summ      0%           100%        7


Dungeon Overview and Level Annotations

Branches:
Dungeon (8/15)             Temple (0/1) D:6
   Lair: D:8-11

Altars:
Cheibriados
Dithmenos
Elyvilon
Makhleb
Okawaru
Qazlal
Trog
Uskayaw
Vehumet
Xom
Zin

Shops:
D:5 ?

Annotations:
D:7 Erica
D:8 Maurice


Innate Abilities, Weirdness & Mutations

You are resistant to torment.
Your stone body is resilient. (AC +6)
You are immune to poison.
You resist negative energy. (rN+)
You are resistant to electric shocks. (rElec)
You can survive without breathing.
You are immune to petrification.
You are immune to miasma.


Message History

You feel yourself speed up.
You miss something. Something hits you!
* * * LOW HITPOINT WARNING * * *
Something burns you!
* * * LOW HITPOINT WARNING * * *
You feel less confused. Something hits you.
* * * LOW HITPOINT WARNING * * *
Something burns you.
* * * LOW HITPOINT WARNING * * *
Things that are here:
a +0 club; a +0 spear You feel better.
You hear some strange, mumbled words.
A lance of force appears from out of thin air!
The lance of force hits you!
* * * LOW HITPOINT WARNING * * *
You are knocked back by the lance of force.
You slam into the rock wall!
You die...

# #.##>##.# #.# #.#
######.##.##.####.# #.#
.......##.........# #.#
#########.##.###### #.# #
#.##.# #.# ###.##.# #.#
#######......#### #.#
......#.#.#.....########.#
..###...........@)[......#
#.#
###.#.#.###{#################
#.##
#.....##...................
#..#
###.......#############.##.
#..# ##.#(####.# #.##.
#..####.###.###.# #>###
.......#...#.##.# #.#
##.####.###.###.# #.# #.#
#..#......##### #.#


There were no monsters in sight!

Vanquished Creatures
  A water moccasin (D:5)
  An ice beast (D:7)
  A sky beast (D:6)
  2 centaurs
  2 ogres
  3 bullfrogs
  Blork the orc (D:4)
  2 gnoll sergeants
  A scorpion (D:6)
  5 killer bees (D:6)
  A centaur zombie (D:6)
  A jelly (D:7)
  A quasit (D:5)
  An orc priest (D:7)
  2 bullfrog skeletons
  A gnoll shaman (D:3)
  A centaur skeleton (D:6)
  4 hounds
  3 orc wizards
  3 iguanas
  4 worker ants
  2 hound skeletons
  14 gnolls
  7 adders
  A shadow imp (D:7)
  2 ufetubi (D:6)
  An adder zombie (D:7)
  2 adder skeletons
  7 worms
  A dart slug (D:1)
  5 leopard geckos
  22 orcs
  2 ball pythons
  11 bats
  5 giant cockroaches
  7 goblins
  8 hobgoblins
  11 jackals
  4 quokkas
  7 frilled lizards
  10 kobolds
  9 rats
179 creatures vanquished.

Vanquished Creatures (others)
  8 fungi (D:5)
  A plant (D:1)
9 creatures vanquished.

Grand Total: 188 creatures vanquished

Notes
Turn   | Place    | Note
-------+----------+-------------------------------------------
     0 | D:1      | Almogavar the Gargoyle Fighter began the quest for the Orb.
     0 | D:1      | Reached XP level 1. HP: 14/14 MP: 1/1
   144 | D:1      | Reached XP level 2. HP: 19/19 MP: 2/2
   465 | D:1      | Reached XP level 3. HP: 14/23 MP: 3/3
  1125 | D:2      | Reached XP level 4. HP: 29/29 MP: 4/4
  1648 | D:2      | You fall into a shaft and drop 1 floor!
  2005 | D:3      | Found a glowing silver altar of Zin.
  2008 | D:3      | Found a radiant altar of Vehumet.
  2011 | D:3      | Found a burning altar of Makhleb.
  2014 | D:3      | Found an iron altar of Okawaru.
  2018 | D:3      | Became a worshipper of Warmaster Okawaru
  2064 | D:3      | Reached XP level 5. HP: 32/33 MP: 5/5
  2108 | D:3      | Found a white marble altar of Elyvilon.
  2270 | D:3      | Found a stormy altar of Qazlal.
  2271 | D:3      | Found a bloodstained altar of Trog.
  2344 | D:3      | Reached skill level 1 in Dodging
  2574 | D:4      | Noticed an ogre
  2583 | D:4      | Killed an ogre
  2584 | D:4      | Reached XP level 6. HP: 22/38 MP: 6/6
  2795 | D:4      | Noticed Blork the orc
  2808 | D:4      | Killed Blork the orc
  2808 | D:4      | Reached * piety under Okawaru
  3326 | D:3      | Reached skill level 5 in Maces & Flails
  3326 | D:3      | Reached XP level 7. HP: 17/43 MP: 7/7
  3720 | D:4      | Reached skill level 5 in Shields
  4179 | D:5      | Entered Level 5 of the Dungeon
  4205 | D:5      | Reached ** piety under Okawaru
  4206 | D:5      | Reached skill level 5 in Armour
  4206 | D:5      | Reached skill level 1 in Stealth
  4280 | D:5      | Reached XP level 8. HP: 34/48 MP: 8/8
  4498 | D:5      | Found Qoozxuh's Magic Scroll Shoppe.
  5230 | D:6      | Found a staircase to the Ecumenical Temple.
  5351 | D:6      | Found a shadowy altar of Dithmenos.
  5459 | D:6      | Found a shimmering altar of Xom.
  5569 | D:6      | Reached *** piety under Okawaru
  5593 | D:6      | Reached skill level 5 in Fighting
  6543 | D:6      | Found a snail-covered altar of Cheibriados.
  6753 | D:7      | Reached XP level 9. HP: 55/55 MP: 9/9
  7498 | D:7      | Found a hide-covered altar of Uskayaw.
  7883 | D:8      | Noticed Erica
  7889 | D:8      | Noticed Maurice
  7953 | D:7      | Collided with a rock wall

Illustrated notes

Levels and vault maps discovered:
D:1:      wander_arrival_fairy_ring, layout_loops_ring
D:2:      layout_loops_ring, kennysheep_decorative_pillar
D:3:      layout_basic, nicolae_overflow_hidden_temple,
          grunt_temple_overflow_cloverleaf, marbit_many_paths
D:4:      layout_rooms, uniq_blork_the_orc
D:5:      layout_rooms, serial_aquarium, aquarium_bridge_square
          [aquarium_subvault_bridge, aquarium_subvault_window,
          aquarium_subvault_window, aquarium_subvault_bridge],
          aquarium_window_corridor_1, aquarium_window_1, aquarium_view_2d,
          aquarium_balcony_5b, aquarium_pool_2, serial_shops, shop
D:6:      layout_layer_cave, kennysheep_little_box, old_standard_altar,
          minmay_temple_entry_grid, nicolae_dithmenos_through_a_glass_darkly
D:7:      layout_loops_ring, lemuel_doored_altar,
          chequers_serial_rivers_micro_d, minmay_between
D:8:      layout_basic, enter_bailey_5, enter_ossuary_2, uniq_maurice,
          uniq_prince_ribbit1, uniq_grum, uniq_maggie, uniq_erica

Skill      XL: |  1  2  3  4  5  6  7  8  9 |
---------------+----------------------------+-----
Maces & Flails | 3 4 5 6 7 |  7.4
Shields        | 4 5 6 7 |  7.2
Dodging        | 1 2 |  2.5
Fighting       | 4 5 6 |  6.0
Armour         | 4 5 6 |  6.6
Stealth        | 1 |  1.5

Action                   |  1- 3 |  4- 6 |  7- 9 || total
-------------------------+-------+-------+-------++-------
Melee: Flail             |   186 |   225 |     2 ||   413
       Whip              |       |       |   544 ||   544
  Use: Scroll            |     4 |     4 |     4 ||    12
       Potion            |       |     1 |     1 ||     2
Armor: Scale mail        |   128 |    97 |       ||   225
       Chain mail        |       |     8 |   276 ||   284
Dodge: Dodged            |    65 |    80 |   131 ||   276
Block: Kite shield       |   132 |   133 |   237 ||   502
